 Dungeon Crawl Stone Soup version 0.17.0-7-gfadd4cc (webtiles) character file.

663419 CrazyArbalest the Minotaur Arbalest (level 27, -1/255 (256) HPs)
             Began as a Minotaur Hunter on Nov 7, 2015.
             Was the Champion of Okawaru.
             Killed from afar by an orb of fire (10 damage)
             ... with a fireball
             ... on level 5 of the Realm of Zot on Nov 9, 2015.
             The game lasted 13:06:50 (85617 turns).

CrazyArbalest the Minotaur Arbalest (MiHu)         Turns: 85617, Time: 13:06:50

HP:   -1/255 (256)  AC: 43    Str: 27    XL:     27
MP:   29/29         EV: 35    Int:  8    God:    Okawaru [******]
Gold: 3349          SH:  0    Dex: 17    Spells: 0 memorised, 26 levels left

rFire  . . .     SeeInvis +     b - +11 triple crossbow "Ablaxto" {elec, rElec rN+ Dex+3}
rCold  . . .     Clarity  .     d - +6 shadow dragon armour
rNeg   + . .     SustAt   .     (shield currently unavailable)
rPois  .         Gourm    .     K - +2 hat {SInv}
rElec  +         Spirit   .     C - +1 cloak {MR+}
rCorr  .         Warding  .     i - +2 pair of gloves {archery}
rMut   .         Stasis   .     E - +2 pair of boots {Stlth+}
MR     +++..                    (no amulet)
Stlth  +++++++...               t - ring of Shaolin {EV+8}
                                W - +6 ring of evasion

@: lethally poisoned (-1 -> -1), extremely resistant to hostile enchantments,
extremely stealthy
A: retaliatory headbutt, horns 2, yellow scales 1
a: Heroism, Finesse, Renounce Religion
}: 3/15 runes: decaying, serpentine, silver


You were on level 5 of the Realm of Zot.
You worshipped Okawaru.
Okawaru was exalted by your worship.
You were not hungry.

You visited 11 branches of the dungeon, and saw 57 of its levels.
You visited the Abyss 1 time.
You also visited: Labyrinth, Bailey and Ice Cave.

You collected 9896 gold pieces.
You spent 6547 gold pieces at shops.

Inventory:

Hand Weapons
 a - the +4 battleaxe "Worm's Wrath" {freeze, SInv}
   (You bought it in a shop on level 4 of the Orcish Mines)

   It has been specially enchanted to freeze those struck by it, causing extra
   injury to most foes and up to half again as much damage against particularly
   susceptible opponents.
   It can also slow down cold-blooded creatures.
   It lets you see invisible.
 b - the +11 triple crossbow "Ablaxto" (weapon) {elec, rElec rN+ Dex+3}
   (Okawaru gifted it to you on level 4 of the Snake Pit)

   It charges the ammunition it shoots with electricity; occasionally upon a
   hit, such missiles may discharge and cause terrible harm.
   It affects your dexterity (+3).
   It insulates you from electricity.
   It protects you from negative energy.
 c - a +9 great mace of holy wrath
 w - a +2 dire flail of protection
Missiles
 l - 116 poisoned bolts
 m - 123 steel bolts
 r - 170 bolts of flame
 G - 102 bolts of frost
 M - 70 bolts of penetration
 P - 876 bolts
 Y - 169 silver bolts (quivered)
Armour
 d - a +6 shadow dragon armour (worn)
 i - a +2 pair of gloves of archery (worn)
 u - the +3 pair of boots "Tirefon" {rF+ Str+3 Dex+3 Stlth-}
   (You found it on level 1 of the Depths)

   It affects your strength (+3).
   It affects your dexterity (+3).
   It protects you from fire.
   It makes you less stealthy.
 v - a cursed +0 shield
 C - a +1 cloak of magic resistance (worn)
 E - a +2 pair of boots of stealth (worn)
 K - a +2 hat of see invisible (worn)
 X - a +2 cloak of invisibility
Jewellery
 e - the macabre finger necklace {Ward rN+}
   (You found it on level 3 of the Depths)

   [amulet of warding]

   It may prevent the melee attacks of summoned creatures.
   It protects you from negative energy.
 n - the ring "Qigacwar" {rF+ MP+9}
   (You took it off a tengu warrior on level 2 of the Depths)

   [ring of magical power]

   It protects you from fire.
   It affects your magic capacity (+9).
 t - the ring of Shaolin (right hand) {EV+8}
   (You took it off an ironheart preserver on level 5 of the Vaults)

   [ring of evasion]

   It affects your evasion (+8).
 B - a +3 ring of slaying
 H - an uncursed amulet of regeneration
 L - the amulet of Liecs {Clar rC++ Int+3 Stlth-}
   (You found it on level 2 of the Swamp)

   [amulet of clarity]

   It provides mental clarity.
   It affects your intelligence (+3).
   It greatly protects you from cold.
   It makes you less stealthy.
 Q - the ring of Brilliance {rPois rF+ Str+4 Dex+4}
   (You found it on level 2 of the Depths)

   [ring of strength]

   It affects your strength (+4).
   It affects your dexterity (+4).
   It protects you from fire.
   It protects you from poison.
 W - a +6 ring of evasion (left hand)
Wands
 k - a wand of disintegration (13)
 y - a wand of teleportation (4)
 R - a wand of hasting (1)
Scrolls
 j - 9 scrolls of fog
 o - 14 scrolls of teleportation
 p - 9 scrolls of blinking
 x - 25 scrolls of identify
 J - 24 scrolls of remove curse
 V - 9 scrolls of magic mapping
 Z - 7 scrolls of fear
Potions
 f - 11 potions of curing
 h - 4 potions of haste
 q - 15 potions of heal wounds
Books
 s - a book of Power

   Spells                             Type                      Level
   a - Fulminant Prism                Conjuration/Hexes            4
   b - Iskenderun's Mystic Blast      Conjuration                  4
   c - Venom Bolt                     Conjuration/Poison           5
   d - Bolt of Magma                  Conjuration/Fire/Earth       5
   e - Iron Shot                      Conjuration/Earth            6
   f - Orb of Destruction             Conjuration                  7
   g - Spellforged Servitor           Conjuration/Summoning        7
Comestibles
 g - 20 beef jerkies
 z - 21 meat rations
 A - a slice of pizza


   Skills:
 + Level 22.7 Fighting
 + Level 21.5 Maces & Flails
 O Level 27 Crossbows
 O Level 27 Armour
 + Level 17.3 Dodging
 + Level 14.3 Stealth
 + Level 9.5 Invocations
 + Level 4.9 Evocations


You had 26 spell levels left.
You didn't know any spells.

Dungeon Overview and Level Annotations

Branches:
Dungeon (15/15)            Temple (1/1) D:6            Lair (8/8) D:8
  Swamp (4/4) Lair:6        Snake (4/4) Lair:6        Slime (0/6) Lair:6
    Orc (4/4) D:11            Elf (3/3) Orc:4        Vaults (5/5) D:13
  Crypt (3/3) Vaults:2       Tomb (0/3) Crypt:3      Depths (5/5) D:15
    Zot (5/5) Depths:5

Altars:
Ashenzari
Cheibriados
Dithmenos
Elyvilon
Fedhas
Gozag
Kikubaaqudgha
Makhleb
Nemelex Xobeh
Okawaru
Qazlal
Ru
Sif Muna
Trog
Vehumet
Xom
Yredelemnul
Zin
The Shining One
Beogh
Jiyva

Shops:
D:5 [![*   Orc:3 [   Orc:4 (}??   Snake:4 *   Vaults:3 ?!?   Depths:2 !

Portals:
Hell: Depths:1 Depths:2 Depths:3 Depths:4 Depths:5
Abyss: Depths:2 Depths:4
Pandemonium: Orc:4 Depths:1 Depths:3
Ziggurat: Depths:5

Annotations:
Depths:4 1 runed door


Innate Abilities, Weirdness & Mutations

You reflexively headbutt those who attack you in melee.
You have a pair of horns on your head.
You are partially covered in yellow scales (AC +2).


Message History

The silver sears the orb of fire!
The orb of fire is moderately damaged.
Firing (i - inventory. (,) - cycle):
Y - 171 silver bolts (quivered)
Press: ? - help, Shift-Dir - straight line, f/p - orb of fire
Aim: an orb of fire (moderately damaged, chaotic)
You shoot a silver bolt. The silver bolt misses the orb of fire.
You feel sick.
You hear a distant "Zot"!
Firing (i - inventory. (,) - cycle):
Y - 170 silver bolts (quivered)
Press: ? - help, Shift-Dir - straight line, f/p - orb of fire
Aim: an orb of fire (moderately damaged, chaotic)
You shoot a silver bolt.
The silver bolt hits the orb of fire but does no damage.
The silver sears the orb of fire!
The orb of fire is moderately damaged.
The orb of fire glows bright magenta.
The bolt of fire hits you!
* * * LOW HITPOINT WARNING * * *
The orb of fire emits a lurid red light.
The fireball explodes!
The fireball engulfs you!
You die...

,,,,,* ##...........## #......(
,,,,,* #........^..# #.......
,,,,,* ##...........## #.......
,,,,** #.....^.......# ##......
,,,** ##.............## ##..[..
,,** #...............# ##.... ***
########.########▓▓▓▓#####
#[###..............
#.@*.(...(#########
#####.....####
#################......#
#.......##....###......#
#.......##.............#
#........#...........#####
#........................#
#........................####
#####...............###+#........


You could see an orb of fire.

Vanquished Creatures
  2 ancient liches
  Sojobo (Crypt:3)
  Frederick (Depths:4)
  Norris (Vaults:3)
  Saint Roka (Depths:2)
  The ghost of Rayvis the Tortoise, a veteran MiFi of Okawaru (Vaults:5)
  13 golden dragons
  Jory (Vaults:3)
  A profane servitor (Crypt:3)
  A bone dragon (Crypt:3)
  Jorgrun (Depths:2)
  7 tentacled monstrosities
  5 liches
  9 Orb Guardians (Zot:5)
  2 quicksilver dragons
  2 titans
  2 deep elf blademasters (Elf:3)
  2 deep elf master archers (Elf:3)
  8 death cobs
  5 sphinxes
  2 octopode crushers (Depths:1)
  Agnes (Snake:3)
  5 ancient champions
  10 shadow dragons
  Kirke (Swamp:2)
  11 storm dragons
  8 tengu reavers
  10 draconian monks
  A thorn hunter (Swamp:4)
  3 revenants
  10 greater nagas
  A ghost moth (Zot:3)
  Wiglaf (Vaults:5)
  12 fire giants
  2 daevas (Depths:5)
  Donald (Elf:3)
  4 frost giants
  6 draconian knights
  3 deep elf sorcerers
  Maud (D:9)
  13 vault wardens
  6 draconian scorchers
  A balrug (Depths:4)
  A ghost moth (shapeshifter) (Vaults:5)
  3 iron dragons
  A curse skull (Crypt:2)
  7 draconian shifters
  A draconian zealot (Zot:4)
  A reaper (Crypt:3)
  14 ghouls
  An angel (Depths:5)
  4 war gargoyles (Vaults:5)
  26 stone giants
  12 very ugly things
  15 ironheart preservers
  5 draconian annihilators
  A salamander firebrand (Depths:2)
  9 green draconians
  5 draconian callers
  5 vampire knights
  Nessos (D:12)
  14 deep elf annihilators
  12 deep elf demonologists
  A salamander stormcaller (Vaults:4)
  4 black draconians
  11 white draconians
  5 yellow draconians
  Azrael (Snake:2)
  3 red draconians
  4 mottled draconians
  12 purple draconians
  7 eidola
  8 deep elf death magi
  Snorg (Orc:1)
  43 vault guards
  8 great orbs of eyes
  12 fire dragons
  2 crystal guardians
  16 ettins
  A minotaur (Lab)
  26 jiangshi
  5 deep elf high priests
  13 yaktaur captains
  6 rakshasas
  10 entropy weavers
  3 spriggan air magi (Depths:4)
  9 death knights
  18 naga warriors
  24 hydras
  A ghost crab (shapeshifter) (Elf:1)
  The ghost of Canard the Severer, a journeyman FoFi of Okawaru (IceCv)
  A monstrous demonspawn (Depths:1)
  12 anacondas
  13 ice dragons
  8 statues (Depths:4)
  3 catoblepae (Lair:8)
  The ghost of st0uf the Arsonist, a novice DrFE of Vehumet (Lair:1)
  19 dancing weapons
  A ghost crab (Swamp:1)
  9 alligators
  13 centaur warriors
  20 naga sharpshooters
  17 ogre magi
  5 spriggan berserkers
  4 orc high priests
  9 deep troll earth magi
  26 death yaks
  14 deep troll shamans
  13 vampire magi
  Urug (D:10)
  16 tengu warriors
  2 sun demons (Depths:4)
  7 shock serpents
  Sonja (D:11)
  Nergalle (Lair:3)
  2 fire crabs (Vaults:4)
  22 deep elf knights
  7 shadow wraiths
  3 salamander mystics
  An unseen horror (shapeshifter) (Depths:1)
  4 sea snakes (Snake:3)
  8 hell knights
  42 skeletal warriors
  5 iron trolls
  A gelid demonspawn (Depths:1)
  46 deep trolls
  A spriggan druid (Swamp:4)
  7 unseen horrors
  3 giant orange brains
  An ice devil (Orc:4)
  8 phantasmal warriors
  A giant orange brain (shapeshifter) (Depths:2)
  10 flayed ghosts
  11 swamp dragons
  3 shambling mangroves
  12 ironbrand convokers
  2 shadow demons
  12 deep elf summoners
  A sphinx zombie (Vaults:3)
  8 naga ritualists
  3 putrid demonspawn
  18 hill giants
  The ghost of dvd the Skirmisher, a novice DsAK of Lugonu (D:6)
  A wolf spider zombie (D:15)
  A wolf spider (Vaults:3)
  11 necromancers
  17 salamanders
  5 mana vipers
  A salamander (shapeshifter) (Vaults:5)
  13 orc knights
  2 fire giant zombies
  19 deep elf conjurers
  2 torturous demonspawn (Orc:4)
  A cyclops (shapeshifter) (Vaults:5)
  A manticore (shapeshifter) (Vaults:5)
  An iron dragon zombie (Crypt:3)
  4 harpies (Vaults:4)
  11 orc sorcerers
  7 griffons
  2 manticores
  A tengu skeleton (D:15)
  19 ugly things
  2 frost giant zombies
  2 hornets
  2 stone giant zombies
  4 wizards (Depths:4)
  2 sixfirhies
  A shining eye (shapeshifter) (Depths:2)
  A dire elephant zombie (Crypt:3)
  12 cyclopes
  23 elephants
  10 guardian serpents
  20 moths of wrath
  3 octopodes (shapeshifter)
  A smoke demon (Depths:1)
  Maurice (D:13)
  A frost giant skeleton (Crypt:1)
  A stone giant skeleton (Vaults:1)
  41 black mambas
  3 rust devils
  A shock serpent zombie (Crypt:2)
  3 ice statues (IceCv)
  A guardian serpent (shapeshifter) (Vaults:5)
  28 spiny frogs
  3 spiny frogs (shapeshifter)
  19 vault sentinels
  27 naga magi
  A gargoyle (D:11)
  13 komodo dragons
  5 kobold demonologists
  A white draconian skeleton (Crypt:1)
  48 yaktaurs
  19 freezing wraiths
  A hellwing (Depths:3)
  5 jumping spiders
  An entropy weaver zombie (D:15)
  A yaktaur (shapeshifter) (Vaults:5)
  A death yak skeleton (Crypt:1)
  17 deep elf priests
  8 trolls
  3 red devils
  29 two-headed ogres
  A polar bear (shapeshifter) (Elf:2)
  3 polar bears
  6 tengu conjurers
  A two-headed ogre (shapeshifter) (Depths:2)
  30 blink frogs
  13 bog bodies
  Prince Ribbit (D:8)
  A boulder beetle (Vaults:2)
  A wind drake (shapeshifter) (Vaults:4)
  8 giant leeches
  A raiju (shapeshifter) (Vaults:5)
  A jumping spider zombie (Crypt:1)
  A jumping spider (shapeshifter) (Depths:1)
  An ettin zombie (Vaults:3)
  2 blink frogs (shapeshifter)
  34 slime creatures
  A stone giant simulacrum (Vaults:1)
  6 shadows
  20 redbacks
  An ice dragon skeleton (Crypt:2)
  2 spriggans (shapeshifter) (Depths:2)
  50 flying skulls (Crypt:3)
  3 air elementals (Depths:5)
  An ettin skeleton (Vaults:1)
  A spriggan (Swamp:4)
  33 deep elf magi
  40 yaks
  6 water elementals (Depths:1)
  2 wyverns
  3 tarantellas
  7 basilisks
  2 black mamba skeletons (Crypt:2)
  43 deep elf fighters
  2 human simulacra
  10 vampires
  16 wraiths
  12 vampire mosquitoes
  3 fire elementals (Snake:2)
  3 mottled dragons
  9 hippogriffs
  7 hungry ghosts
  6 wargs
  13 insubstantial wisps
  25 swamp worms
  A hell hound (Snake:2)
  A putrid demonspawn zombie (Crypt:2)
  A hydra simulacrum (Crypt:3)
  58 nagas
  Duvessa (D:5)
  A black bear (Lair:3)
  6 porcupines
  16 water moccasins
  8 boggarts
  20 ice beasts
  47 orc warriors
  9 swamp drakes
  4 sky beasts
  An anubis guard zombie (Crypt:2)
  A spiny frog skeleton (Crypt:1)
  7 wasps
  An ice beast (shapeshifter) (Vaults:4)
  A sky beast (shapeshifter) (Depths:2)
  13 necrophages
  55 ogres
  5 phantoms
  An orc skeleton (Vaults:1)
  An ettin simulacrum (Crypt:1)
  An eye of draining (D:15)
  13 crocodiles
  26 centaurs
  An elf zombie (Crypt:2)
  2 human zombies
  2 yaktaur zombies
  A human skeleton (Vaults:4)
  2 vine stalker skeletons
  23 giant frogs
  9 big kobolds
  A wyvern zombie (D:14)
  Dowan (D:5)
  A spider zombie (Crypt:1)
  6 scorpions
  4 wights (D:12)
  A yak skeleton (Crypt:2)
  13 killer bees
  4 spriggan skeletons (D:9)
  A hippogriff skeleton (Crypt:2)
  6 quasits
  An electric eel (Lair:3)
  9 crimson imps
  3 centaur zombies
  2 giant frog zombies
  5 hounds
  2 iron imps
  40 orc priests
  4 giant frog skeletons
  5 jellies
  24 orc wizards
  2 centaur skeletons
  14 worker ants
  23 iguanas
  28 sheep
  3 hound skeletons
  A hound zombie (D:5)
  A mummy (D:7)
  A small abomination (Crypt:3)
  22 gnolls
  12 adders
  35 river rats
  4 shadow imps
  A white imp (Vaults:2)
  2 giant eyeballs (Depths:2)
  An ooze (D:3)
  An adder skeleton (D:5)
  2 worms
  218 orcs
  3 ball pythons
  7 bats
  3 giant cockroaches
  15 hobgoblins
  12 jackals
  2 quokkas (D:4)
  A ball python skeleton (Crypt:1)
  5 giant geckos
  A giant gecko skeleton (D:8)
  2 giant gecko zombies
  5 giant newts
  16 goblins
  46 kobolds
  A quokka skeleton (D:8)
  A quokka zombie (D:9)
  4 rats
  A bush (Lair:8)
  2 crawling corpses (Elf:2)
  4 fire vortices (Depths:4)
  4 fungi
  2 lost souls (Crypt:3)
  11 plants
2938 creatures vanquished.

Vanquished Creatures (others)
  A tengu reaver (Crypt:3)
  A tengu warrior (D:15)
  A black mamba (Snake:1)
  2 flying skulls (Crypt:3)
  2 humans (Swamp:2)
  A bush (Lair:8)
  23 fungi
  5 lost souls
  19 plants
55 creatures vanquished.

Grand Total: 2993 creatures vanquished

Notes
Turn   | Place    | Note
--------------------------------------------------------------
     0 | D:1      | CrazyArbalest the Minotaur Hunter began the quest for the Orb.
     0 | D:1      | Reached XP level 1. HP: 18/18 MP: 0/0
   138 | D:1      | Reached XP level 2. HP: 25/25 MP: 1/1
   434 | D:1      | Reached skill level 5 in Crossbows
   910 | D:2      | Reached XP level 3. HP: 24/30 MP: 2/2
  1401 | D:2      | Found a burning altar of Makhleb.
  1402 | D:2      | Found a shimmering altar of Xom.
  1527 | D:2      | Found a sparkling altar of Nemelex Xobeh.
  1788 | D:3      | Reached XP level 4. HP: 37/37 MP: 3/3
  1962 | D:3      | Reached skill level 6 in Crossbows
  2151 | D:3      | Reached skill level 1 in Armour
  2162 | D:3      | Found a sacrificial altar of Ru.
  3055 | D:4      | Reached XP level 5. HP: 44/44 MP: 4/4
  3057 | D:4      | Reached skill level 1 in Stealth
  3206 | D:4      | Reached skill level 1 in Maces & Flails
  3227 | D:4      | Found an iron altar of Okawaru.
  3247 | D:4      | Became a worshipper of Warmaster Okawaru
  3255 | D:4      | Found a basalt altar of Yredelemnul.
  3654 | D:5      | Entered Level 5 of the Dungeon
  3710 | D:5      | Reached XP level 6. HP: 21/51 MP: 5/5
  3775 | D:5      | Reached * piety under Okawaru
  3874 | D:5      | Noticed a sky beast
  3896 | D:5      | Killed a sky beast
  3898 | D:5      | Found Fufasonybir's Weapon Emporium.
  3919 | D:5      | Noticed an ogre
  3937 | D:5      | Reached XP level 7. HP: 43/58 MP: 6/6
  3940 | D:5      | Killed an ogre
  3940 | D:5      | Reached skill level 7 in Crossbows
  3977 | D:5      | Found Ezxij's General Store.
  3985 | D:5      | Found a shadowy altar of Dithmenos.
  4081 | D:5      | Found Qurren's Armour Boutique.
  4093 | D:5      | Found Vaoz's Distillery.
  4096 | D:5      | Found Yfewk's Antique Armour Shoppe.
  4111 | D:5      | Bought a runed scale mail for 96 gold pieces
  4139 | D:5      | Bought a potion of heal wounds for 60 gold pieces
  4314 | D:5      | Noticed Duvessa
  4314 | D:5      | Noticed Dowan
  4330 | D:5      | Killed Duvessa
  4348 | D:5      | Killed Dowan
  4348 | D:5      | Reached ** piety under Okawaru
  4348 | D:5      | Reached skill level 5 in Fighting
  4475 | D:6      | Reached XP level 8. HP: 65/68 MP: 7/7
  4476 | D:6      | Found a staircase to the Ecumenical Temple.
  4476 | D:6      | Noticed dvd's ghost (novice DsAK)
  4515 | D:6      | Killed dvd's ghost
  4515 | D:6      | Reached skill level 8 in Crossbows
  4515 | D:6      | Reached skill level 5 in Dodging
  4570 | D:6      | Reached skill level 5 in Armour
  4624 | D:6      | Reached skill level 9 in Crossbows
  4796 | D:6      | Reached *** piety under Okawaru
  4856 | D:6      | Got a transparent golden ring
  4862 | D:6      | Identified the cursed ring of the Crown {rElec rN+ Int-2} (You found it on level 6 of the Dungeon)
  5013 | D:6      | Found a deep blue altar of Sif Muna.
  5013 | D:6      | Noticed a troll
  5030 | D:6      | HP: 2/69 [troll (6)]
  5033 | D:6      | Killed a troll
  5033 | D:6      | Reached XP level 9. HP: 25/75 MP: 6/8
  5236 | D:5      | Bought a potion of curing for 36 gold pieces
  5481 | D:7      | Reached skill level 10 in Crossbows
  5679 | D:7      | Found a snail-covered altar of Cheibriados.
  5719 | D:7      | Received a gift from Okawaru
  6482 | D:5      | Bought 2 potions of heal wounds for 120 gold pieces
  6482 | D:5      | Bought 2 potions of curing for 72 gold pieces
  6633 | Temple   | Entered the Ecumenical Temple
  6922 | D:8      | Reached skill level 5 in Maces & Flails
  7026 | D:8      | Noticed Prince Ribbit
  7034 | D:8      | Killed Prince Ribbit
  7034 | D:8      | Reached **** piety under Okawaru
  7143 | D:8      | Received a gift from Okawaru
  7156 | D:8      | Reached XP level 10. HP: 42/86 MP: 9/9
  7647 | D:8      | Found a staircase to the Lair.
  7648 | D:8      | Noticed a komodo dragon
  7685 | D:8      | Killed a komodo dragon
  8251 | D:9      | Reached skill level 11 in Crossbows
  8447 | D:9      | Reached ***** piety under Okawaru
  8555 | D:9      | Found a white marble altar of Elyvilon.
  8863 | D:10     | Entered Level 10 of the Dungeon
  9122 | D:10     | Noticed an unseen horror
  9137 | D:10     | Received a gift from Okawaru
  9137 | D:10     | Reached skill level 1 in Invocations
  9145 | D:10     | Killed an unseen horror
  9287 | D:10     | Noticed Urug
  9295 | D:10     | Killed Urug
  9295 | D:10     | Received a gift from Okawaru
  9295 | D:10     | Reached XP level 11. HP: 94/94 MP: 7/10
  9299 | D:10     | Noticed a cyan ugly thing
  9304 | D:10     | Killed a cyan ugly thing
  9416 | D:10     | Received a gift from Okawaru
  9711 | D:10     | Noticed an ice devil
 10016 | D:10     | Noticed Maud
 10337 | D:11     | Found an opulent altar of Gozag.
 10373 | D:11     | Noticed Sonja
 10428 | D:10     | Received a gift from Okawaru
 10464 | D:10     | Reached skill level 12 in Crossbows
 10580 | D:11     | Killed Sonja
 10583 | D:11     | Received a gift from Okawaru
 10670 | D:11     | Noticed a skeletal warrior
 10965 | D:11     | Noticed a skeletal warrior
 11107 | D:11     | Noticed a skeletal warrior
 11108 | D:11     | Noticed an unseen horror
 11119 | D:11     | Killed an unseen horror
 11119 | D:11     | Received a gift from Okawaru
 11119 | D:11     | Reached skill level 10 in Armour
 11393 | D:11     | Found a staircase to the Orcish Mines.
 11758 | Temple   | Identified a scroll of acquirement
 11808 | D:6      | Received a gift from Okawaru
 11832 | D:5      | Bought a potion of heal wounds for 60 gold pieces
 11832 | D:5      | Bought a potion of haste for 120 gold pieces
 11832 | D:5      | Bought a potion of heal wounds for 60 gold pieces
 11873 | D:5      | Bought a scroll of blinking for 82 gold pieces
 12023 | Lair:1   | Entered Level 1 of the Lair of Beasts
 12534 | Lair:1   | Noticed st0uf's ghost (novice DrFE)
 12654 | Lair:1   | Killed st0uf's ghost
 13481 | Lair:2   | Received a gift from Okawaru
 13530 | Lair:2   | Noticed a five-headed hydra
 13550 | Lair:2   | Killed a five-headed hydra
 13550 | Lair:2   | Reached XP level 12. HP: 105/105 MP: 10/12
 13579 | Lair:2   | Reached skill level 10 in Maces & Flails
 13587 | Lair:2   | Received a gift from Okawaru
 13653 | Lair:2   | Reached skill level 13 in Crossbows
 14099 | Lair:2   | Reached ****** piety under Okawaru
 14106 | Lair:2   | Received a gift from Okawaru
 14644 | Lair:2   | Reached skill level 10 in Fighting
 15422 | Lair:3   | Found a frozen archway.
 15485 | IceCv    | Entered an ice cave
 15518 | IceCv    | Noticed Canard's ghost (journeyman FoFi)
 15557 | IceCv    | Killed Canard's ghost
 15740 | IceCv    | Reached skill level 14 in Crossbows
 15934 | Lair:3   | Noticed Nergalle
 15938 | Lair:3   | Killed Nergalle
 16032 | Lair:3   | Noticed an eight-headed hydra
 16037 | Lair:3   | Killed an eight-headed hydra
 16037 | Lair:3   | Received a gift from Okawaru
 16567 | Lair:3   | Identified a +2 rod of clouds (9/9) (You found it in an ice cave)
 16900 | Lair:4   | Reached XP level 13. HP: 114/114 MP: 14/14
 17303 | Lair:4   | Reached skill level 15 in Crossbows
 17739 | Lair:5   | Received a gift from Okawaru
 18060 | Lair:5   | Reached skill level 16 in Crossbows
 18149 | Lair:5   | Received a gift from Okawaru
 18159 | Lair:5   | Got a dazzling arbalest {god gift}
 18172 | Lair:5   | Identified the +4 arbalest of Ethriel {elec, *Corrode +Fly rPois Str+3} (Okawaru gifted it to you on level 5 of the Lair of Beasts)
 18403 | Lair:5   | Received a gift from Okawaru
 18410 | Lair:5   | Reached skill level 17 in Crossbows
 18582 | Lair:6   | Received a gift from Okawaru
 18667 | Lair:6   | Found a staircase to the Snake Pit.
 18817 | Lair:6   | Reached XP level 14. HP: 89/122 MP: 15/15
 18855 | Lair:6   | Found a staircase to the Slime Pits.
 18856 | Lair:6   | Found a viscous altar of Jiyva.
 19188 | Lair:6   | Found a staircase to the Swamp.
 20521 | Lair:7   | Reached skill level 18 in Crossbows
 20830 | Lair:8   | Entered Level 8 of the Lair of Beasts
 20857 | Lair:8   | Found a labyrinth entrance.
 20895 | Lab      | Entered a labyrinth
 21176 | Lab      | Got a jewelled eveningstar {pain}
 21212 | Lab      | Identified the +0 eveningstar of Dishonour {pain, *Confuse rElec rPois Stlth+} (You took it off a minotaur in a labyrinth)
 23252 | Lair:8   | Received a gift from Okawaru
 23435 | Lair:8   | Reached skill level 19 in Crossbows
 23670 | Lair:8   | Received a gift from Okawaru
 24152 | Lair:2   | Upgraded the game from 0.17.0-1-g61d176b to 0.17.0-7-gfadd4cc
 24338 | D:11     | Killed a skeletal warrior
 24355 | D:11     | Killed a skeletal warrior
 24359 | D:11     | Killed a skeletal warrior
 24359 | D:11     | Reached XP level 15. HP: 115/130 MP: 16/16
 24702 | Orc:1    | Entered Level 1 of the Orcish Mines
 24706 | Orc:1    | Noticed Snorg
 24756 | Orc:1    | Killed Snorg
 25073 | Orc:1    | Found a roughly hewn altar of Beogh.
 25314 | Orc:3    | Found Haugeg's Armour Shop.
 25860 | Orc:2    | Found a roughly hewn altar of Beogh.
 26107 | Orc:4    | Entered Level 4 of the Orcish Mines
 26389 | Orc:4    | Found a staircase to the Elven Halls.
 27046 | Orc:4    | Found Tucs's Magic Scroll Shoppe.
 27055 | Orc:4    | Found Vanulame's Magic Scroll Emporium.
 27094 | Orc:4    | Bought a scroll of teleportation for 33 gold pieces
 27094 | Orc:4    | Bought a scroll of teleportation for 33 gold pieces
 27094 | Orc:4    | Bought a scroll of blinking for 82 gold pieces
 27096 | Orc:4    | Bought a scroll of identify for 30 gold pieces
 27096 | Orc:4    | Bought a scroll of identify for 30 gold pieces
 27096 | Orc:4    | Bought a scroll of identify for 30 gold pieces
 27096 | Orc:4    | Bought a scroll of identify for 30 gold pieces
 27356 | Orc:4    | Received a gift from Okawaru
 27356 | Orc:4    | Reached skill level 20 in Crossbows
 27424 | Orc:4    | Received a gift from Okawaru
 27437 | Orc:4    | Paralysed by an orc sorcerer for 5 turns
 27442 | Orc:4    | Got a smoking arbalest {god gift}
 27556 | Orc:4    | Found Edidghua's Gadget Shop.
 27556 | Orc:4    | Found a one-way gate leading to the halls of Pandemonium.
 27556 | Orc:4    | Found Bihyarey's Antique Weapon Boutique.
 27678 | Orc:4    | Identified the +0 arbalest "Atuladuo" {venom, MP+9} (Okawaru gifted it to you on level 4 of the Orcish Mines)
 27894 | Orc:4    | Bought 2 scrolls of magic mapping for 77 gold pieces
 27894 | Orc:4    | Bought a scroll of remove curse for 33 gold pieces
 27894 | Orc:4    | Bought a scroll of fear for 38 gold pieces
 27894 | Orc:4    | Bought a scroll of identify for 22 gold pieces
 27894 | Orc:4    | Bought a scroll of identify for 22 gold pieces
 27894 | Orc:4    | Bought a scroll of magic mapping for 38 gold pieces
 27925 | Orc:4    | Bought a wand of teleportation (4) for 432 gold pieces
 27927 | Orc:4    | Bought a glowing great mace for 162 gold pieces
 27927 | Orc:4    | Bought a slimy battleaxe for 287 gold pieces
 27930 | Orc:4    | Identified the +4 battleaxe "Worm's Wrath" {freeze, SInv} (You bought it in a shop on level 4 of the Orcish Mines)
 27936 | Orc:4    | Bought a glowing battleaxe for 162 gold pieces
 28574 | Orc:3    | Bought a +2 hat of see invisible for 336 gold pieces
 28717 | D:12     | Noticed Nessos
 28729 | D:12     | Killed Nessos
 29530 | D:13     | Noticed Maurice
 29531 | D:13     | Received a gift from Okawaru
 29538 | D:13     | Killed Maurice
 29692 | D:13     | Found a gate to the Vaults.
 30652 | D:14     | Reached XP level 16. HP: 143/143 MP: 17/17
 30993 | D:14     | Found a flagged portal.
 31005 | Bailey   | Entered a bailey
 31676 | D:15     | Entered Level 15 of the Dungeon
 31676 | D:15     | Found a staircase to the Depths.
 32019 | D:15     | Found a blossoming altar of Fedhas.
 32518 | D:15     | Reached skill level 15 in Armour
 33002 | Snake:1  | Entered Level 1 of the Snake Pit
 33029 | Snake:1  | Received a gift from Okawaru
 33365 | Lair:6   | You fall through a shaft for 2 floors!
 33612 | Snake:1  | Received a gift from Okawaru
 33825 | Snake:1  | Reached skill level 21 in Crossbows
 34532 | Snake:2  | Noticed Azrael
 34538 | Snake:2  | Killed Azrael
 34581 | Snake:2  | Reached XP level 17. HP: 152/152 MP: 18/18
 34619 | Snake:2  | Received a gift from Okawaru
 34774 | Snake:2  | Reached skill level 22 in Crossbows
 35249 | Lair:2   | Reached XP level 18. HP: 160/160 MP: 18/21
 35252 | Lair:2   | Gained mutation: You are partially covered in yellow scales (AC +2). [potion of beneficial mutation]
 35485 | Snake:3  | Noticed Agnes
 35491 | Snake:3  | Killed Agnes
 35491 | Snake:3  | Received a gift from Okawaru
 35654 | Snake:3  | Received a gift from Okawaru
 35849 | Snake:3  | Received a gift from Okawaru
 36831 | Snake:4  | Entered Level 4 of the Snake Pit
 36873 | Snake:4  | Reached skill level 23 in Crossbows
 36891 | Snake:4  | Received a gift from Okawaru
 36917 | Snake:4  | Got a brightly glowing triple crossbow {god gift}
 36918 | Snake:4  | Identified the +11 triple crossbow "Ablaxto" {elec, rElec rN+ Dex+3} (Okawaru gifted it to you on level 4 of the Snake Pit)
 36938 | Snake:4  | Gained mutation: Your mind is acute. (Int +2) [potion of beneficial mutation]
 37135 | Snake:4  | Found Oneirghe's General Store.
 37191 | Snake:4  | Bought a scroll of teleportation for 57 gold pieces
 37191 | Snake:4  | Bought a scroll of teleportation for 57 gold pieces
 37664 | Snake:4  | Received a gift from Okawaru
 37666 | Snake:4  | Got a spiked scale mail {god gift}
 37694 | Snake:4  | Reached skill level 24 in Crossbows
 37946 | Snake:4  | Reached XP level 19. HP: 167/167 MP: 22/22
 38009 | Snake:4  | Got a serpentine rune of Zot
 38615 | Lair:2   | Identified the +0 scale mail of the Planets {rF+ rN++ Int+2 Dex-4} (Okawaru gifted it to you on level 4 of the Snake Pit)
 38747 | Swamp:1  | Entered Level 1 of the Swamp
 39605 | Swamp:2  | Noticed Kirke
 39612 | Swamp:2  | Killed Kirke
 39638 | Swamp:2  | Received a gift from Okawaru
 39741 | Swamp:2  | Reached skill level 25 in Crossbows
 40253 | Swamp:2  | Got a scorched bronze amulet
 40925 | Swamp:3  | Received a gift from Okawaru
 41462 | Lair:2   | Identified the amulet of Liecs {Clar rC++ Int+3 Stlth-} (You found it on level 2 of the Swamp)
 41641 | Swamp:4  | Entered Level 4 of the Swamp
 41869 | Swamp:4  | Received a gift from Okawaru
 42300 | Swamp:4  | Received a gift from Okawaru
 42304 | Swamp:4  | Reached skill level 26 in Crossbows
 42629 | Swamp:4  | Got a decaying rune of Zot
 43204 | Vaults:1 | Entered Level 1 of the Vaults
 43501 | Vaults:1 | Received a gift from Okawaru
 43688 | Vaults:1 | Received a gift from Okawaru
 43692 | Vaults:1 | Got a pair of spiked gloves {god gift}
 43703 | Vaults:1 | Identified the +0 pair of gloves "Lazeawk" {*Contam rPois rCorr Dex+5} (Okawaru gifted it to you on level 1 of the Vaults)
 43718 | Vaults:1 | Gained mutation: You expend magic power (3 MP) to strengthen your wands. [mutagenic glow]
 43959 | Vaults:1 | Reached XP level 20. HP: 174/174 MP: 23/23
 44857 | Vaults:2 | Found a staircase to the Crypt.
 44858 | Vaults:2 | Paralysed by a vampire knight for 6 turns
 45051 | Vaults:2 | Reached skill level 27 in Crossbows
 46835 | Vaults:3 | Noticed Jory
 46839 | Vaults:3 | Killed Jory
 46839 | Vaults:3 | Received a gift from Okawaru
 47238 | Vaults:3 | Noticed Norris
 47244 | Vaults:3 | Killed Norris
 47302 | Vaults:3 | Found Edwusof's Distillery.
 47305 | Vaults:3 | Bought a potion of curing for 54 gold pieces
 47342 | Vaults:3 | Paralysed by an ogre mage for 7 turns
 47364 | Vaults:3 | Found Qair's Magic Scroll Emporium.
 47384 | Vaults:3 | Bought a scroll of identify for 38 gold pieces
 47384 | Vaults:3 | Bought a scroll of identify for 38 gold pieces
 47384 | Vaults:3 | Bought a scroll of identify for 38 gold pieces
 47384 | Vaults:3 | Bought a scroll of magic mapping for 66 gold pieces
 47384 | Vaults:3 | Bought a scroll of identify for 38 gold pieces
 47384 | Vaults:3 | Bought a scroll of teleportation for 57 gold pieces
 47384 | Vaults:3 | Bought a scroll of remove curse for 57 gold pieces
 47384 | Vaults:3 | Bought a scroll of identify for 38 gold pieces
 47384 | Vaults:3 | Bought a scroll of identify for 38 gold pieces
 47384 | Vaults:3 | Bought a scroll of remove curse for 57 gold pieces
 47419 | Vaults:3 | Found Vatt's Magic Scroll Shop.
 47427 | Vaults:3 | Bought a scroll of identify for 30 gold pieces
 47427 | Vaults:3 | Bought a scroll of identify for 30 gold pieces
 47427 | Vaults:3 | Bought a scroll of identify for 30 gold pieces
 47427 | Vaults:3 | Bought a scroll of identify for 30 gold pieces
 47893 | Vaults:3 | Received a gift from Okawaru
 48902 | Elf:1    | Entered Level 1 of the Elven Halls
 49375 | Elf:1    | Reached skill level 15 in Fighting
 49386 | Elf:1    | Received a gift from Okawaru
 49589 | Elf:1    | Reached XP level 21. HP: 184/184 MP: 24/24
 49672 | Elf:2    | Received a gift from Okawaru
 50054 | Elf:2    | Found a runed door.
 50093 | Elf:2    | Found a runed door.
 50114 | Elf:2    | Received a gift from Okawaru
 51347 | Elf:3    | Entered Level 3 of the Elven Halls
 51389 | Elf:3    | Noticed Donald
 51393 | Elf:3    | Killed Donald
 51440 | Elf:3    | Received a gift from Okawaru
 52064 | Elf:3    | Cast into the Abyss (a deep elf demonologist)
 52084 | Elf:3    | Escaped the Abyss
 52720 | Elf:3    | Got a fine hand crossbow
 52721 | Elf:3    | Identified the +9 hand crossbow of Tiubbabb {penet, rF+ Str+3 Int-3 Dex+3} (You found it on level 3 of the Elven Halls)
 52800 | Elf:3    | Got a smoking broad axe
 52801 | Elf:3    | Identified the +3 broad axe of the Queen {freeze, rN+ Int+7} (You found it on level 3 of the Elven Halls)
 54014 | Vaults:4 | Reached skill level 10 in Dodging
 54365 | Vaults:4 | Received a gift from Okawaru
 54687 | Vaults:4 | Reached skill level 1 in Evocations
 54687 | Vaults:4 | Reached XP level 22. HP: 163/193 MP: 26/26
 56055 | Vaults:5 | Entered Level 5 of the Vaults
 56109 | Vaults:4 | Received a gift from Okawaru
 56344 | Vaults:5 | Received a gift from Okawaru
 56478 | Vaults:5 | Noticed Rayvis's ghost (veteran MiFi)
 56516 | Vaults:5 | Killed Rayvis's ghost
 56516 | Vaults:5 | Received a gift from Okawaru
 56517 | Vaults:5 | Got a brightly glowing arbalest {god gift}
 56599 | Vaults:5 | Identified the +8 arbalest of Wrongful Imprisonment {venom, Str+3} (Okawaru gifted it to you on level 5 of the Vaults)
 56681 | Vaults:5 | Received a gift from Okawaru
 56745 | Vaults:5 | Got a warped arbalest {god gift}
 56876 | Vaults:5 | Identified the +3 arbalest "Hero" {elec, rElec rPois} (Okawaru gifted it to you on level 5 of the Vaults)
 57510 | D:9      | Noticed a hill giant
 57513 | D:9      | Killed a hill giant
 57519 | D:9      | Killed Maud
 57903 | Vaults:5 | Noticed Wiglaf
 57919 | Vaults:5 | Killed Wiglaf
 57928 | Vaults:5 | Got a slimy shield
 58031 | Vaults:5 | Received a gift from Okawaru
 58146 | Vaults:5 | Noticed an ancient lich
 58147 | Vaults:5 | Reached XP level 23. HP: 204/204 MP: 28/28
 58155 | Vaults:5 | Killed an ancient lich
 58265 | Vaults:5 | Got a silver rune of Zot
 58755 | Vaults:5 | Identified Sif Muna's Volume of Attacks and the Mountains (You found it on level 5 of the Vaults)
 58878 | Vaults:5 | Got a twisted morningstar {crush}
 58936 | Vaults:5 | Identified the cursed +1 morningstar "Juviqoll" {crush, rN+ MR+ Int+2 SInv} (You took it off an ironheart preserver on level 5 of the Vaults)
 58942 | Vaults:5 | Identified the +0 shield of Nemelex Xobeh's Favour {rF+} (You took it off Wiglaf on level 5 of the Vaults)
 59580 | Lair:1   | Noticed an eight-headed hydra
 59583 | Lair:1   | Killed an eight-headed hydra
 60346 | Vaults:5 | Identified the Catalogue of Unstable Snow (You found it on level 5 of the Vaults)
 61157 | Lair:2   | Received a gift from Okawaru
 61158 | Lair:2   | Got a pair of spiked boots {god gift}
 61169 | Lair:2   | Identified the +0 pair of boots "Piaquof" {rF+} (Okawaru gifted it to you on level 2 of the Lair of Beasts)
 61527 | Crypt:1  | Entered Level 1 of the Crypt
 62258 | Crypt:1  | Reached skill level 15 in Maces & Flails
 63266 | Crypt:2  | Paralysed by a vampire knight for 7 turns
 63411 | Crypt:2  | Received a gift from Okawaru
 63581 | Crypt:2  | Got an encrusted hand axe {freeze}
 63925 | Crypt:2  | Identified the +8 hand axe "Wyczum" {freeze, rF+ rC+} (You took it off a skeletal warrior on level 2 of the Crypt)
 64665 | Crypt:3  | Entered Level 3 of the Crypt
 64721 | Crypt:3  | Reached XP level 24. HP: 190/217 MP: 29/29
 65097 | Crypt:3  | Found a basalt altar of Yredelemnul.
 65103 | Crypt:3  | Received a gift from Okawaru
 65126 | Crypt:3  | Noticed Sojobo
 65157 | Crypt:3  | Got an ancient buckler {god gift}
 65590 | Crypt:3  | Killed Sojobo
 65701 | Crypt:3  | Identified the Collected Works on Enhancements
 65743 | Crypt:3  | Got an ichor-stained battleaxe
 65766 | Crypt:3  | Identified the +3 battleaxe "Qasseen" {flame, Int+4 Dex+5} (You found it on level 3 of the Crypt)
 66159 | Crypt:3  | Found a staircase to the Tomb.
 66774 | Lair:2   | Identified a +6 rod of clouds (10/10) (You found it on level 3 of the Crypt)
 67064 | Depths:1 | Entered Level 1 of the Depths
 67066 | Depths:1 | Reached skill level 5 in Stealth
 67482 | Depths:1 | Got a pair of jewelled boots
 67722 | Depths:1 | Found a gateway to Hell.
 67925 | Depths:1 | Received a gift from Okawaru
 67928 | Depths:1 | Got a twisted arbalest {god gift}
 67929 | Depths:1 | Identified the +2 arbalest of Power {flame, rElec rPois MR++ Dex-5} (Okawaru gifted it to you on level 1 of the Depths)
 67980 | Depths:1 | Reached skill level 10 in Stealth
 68211 | Depths:1 | Identified the +3 pair of boots "Tirefon" {rF+ Str+3 Dex+3 Stlth-} (You found it on level 1 of the Depths)
 68249 | Depths:2 | Noticed Jorgrun
 68322 | Depths:2 | Killed Jorgrun
 68398 | Depths:2 | Paralysed by a giant eyeball for 2 turns
 68442 | Depths:2 | Got a smoking wooden ring
 68444 | Depths:2 | Identified the ring of Brilliance {rPois rF+ Str+4 Dex+4} (You found it on level 2 of the Depths)
 68507 | Depths:2 | Noticed Saint Roka
 68513 | Depths:2 | Killed Saint Roka
 68661 | Depths:2 | Reached XP level 25. HP: 175/226 MP: 29/29
 68773 | Depths:2 | Received a gift from Okawaru
 68970 | Depths:2 | Found a one-way gate to the infinite horrors of the Abyss.
 68975 | Depths:2 | Received a gift from Okawaru
 68993 | Depths:2 | Got a coiled lead ring
 68998 | Depths:2 | Identified the ring "Qigacwar" {rF+ MP+9} (You took it off a tengu warrior on level 2 of the Depths)
 70161 | Depths:2 | Got a flickering platinum ring
 70163 | Depths:2 | Identified the ring "Hupef" {SustAt +Fly Str-2 Int+4 Dex-5} (You found it on level 2 of the Depths)
 70261 | Depths:2 | Found Ciulic's Distillery.
 70277 | Depths:2 | Bought a potion of curing for 63 gold pieces
 70277 | Depths:2 | Bought a potion of curing for 63 gold pieces
 70277 | Depths:2 | Bought a potion of curing for 63 gold pieces
 70277 | Depths:2 | Bought a potion of curing for 63 gold pieces
 71073 | Depths:2 | Got a steaming bone ring
 71346 | Depths:3 | Got a blackened scale mail
 71367 | Depths:3 | Identified the cursed +1 scale mail of Midwinter {MP+9} (You found it on level 3 of the Depths)
 71368 | Depths:3 | Identified the ring "Isipy" {Ice Dex+6} (You found it on level 2 of the Depths)
 71448 | Depths:3 | Received a gift from Okawaru
 71556 | Depths:3 | Got a smoking quarterstaff {drain}
 72530 | Depths:3 | Paralysed by a great orb of eyes for 5 turns
 74068 | Depths:4 | Received a gift from Okawaru
 74121 | Depths:4 | Received a gift from Okawaru
 74124 | Depths:4 | Got a slimy arbalest {god gift}
 74341 | Depths:4 | Reached XP level 26. HP: 148/239 MP: 29/29
 74862 | Depths:4 | Found a runed door.
 74971 | Depths:4 | Found a radiant altar of Vehumet.
 74971 | Depths:4 | Noticed Frederick
 74980 | Depths:4 | Killed Frederick
 75016 | Depths:4 | Found a runed door.
 75420 | Depths:4 | Identified the +7 arbalest of Fougeint {venom, +Blink Int+5} (Okawaru gifted it to you on level 4 of the Depths)
 75542 | Depths:3 | Gained mutation: You have a pair of large horns on your head. [potion of beneficial mutation]
 75591 | Depths:5 | Entered Level 5 of the Depths
 75722 | Depths:5 | Received a gift from Okawaru
 75817 | Depths:5 | Found a sparkling altar of Nemelex Xobeh.
 75908 | Depths:5 | Received a gift from Okawaru
 76207 | Depths:5 | Found a gateway to a ziggurat.
 77137 | Depths:5 | Received a gift from Okawaru
 77163 | Depths:5 | Got a pair of scorched gloves {god gift}
 77178 | Depths:5 | Identified the -4 pair of gloves of the Harp {Dex+7} (Okawaru gifted it to you on level 5 of the Depths)
 77294 | Depths:5 | Found a gate to the Realm of Zot.
 77769 | Lair:2   | Lost mutation: You expend magic power (3 MP) to strengthen your wands. [potion of cure mutation]
 77769 | Lair:2   | Lost mutation: You have a pair of large horns on your head. [potion of cure mutation]
 77769 | Lair:2   | Lost mutation: Your mind is acute. (Int +2) [potion of cure mutation]
 77982 | D:5      | Bought a scroll of acquirement for 572 gold pieces
 78217 | Orc:4    | Bought a scroll of recharging for 104 gold pieces
 78219 | Orc:4    | Bought a scroll of recharging for 142 gold pieces
 78219 | Orc:4    | Bought a scroll of blinking for 112 gold pieces
 78219 | Orc:4    | Bought 2 scrolls of brand weapon for 600 gold pieces
 78219 | Orc:4    | Bought a scroll of enchant armour for 112 gold pieces
 78219 | Orc:4    | Bought a scroll of enchant armour for 112 gold pieces
 78555 | Vaults:3 | Bought a potion of cure mutation for 630 gold pieces
 78605 | Vaults:3 | Bought a scroll of brand weapon for 300 gold pieces
 79187 | Snake:4  | Bought a bread ration for 95 gold pieces
 79187 | Snake:4  | Bought a scroll of recharging for 180 gold pieces
 79770 | Zot:1    | Entered Level 1 of the Realm of Zot
 81050 | Zot:2    | Reached skill level 27 in Armour
 81379 | Zot:2    | Reached XP level 27. HP: 206/249 MP: 29/29
 81928 | Zot:3    | Received a gift from Okawaru
 82144 | Zot:3    | Received a gift from Okawaru
 83135 | Zot:3    | Reached skill level 15 in Dodging
 83140 | Zot:3    | Received a gift from Okawaru
 83144 | Zot:3    | Received a gift from Okawaru
 85028 | Zot:5    | Entered Level 5 of the Realm of Zot
 85542 | Zot:5    | Noticed an ancient lich
 85550 | Zot:5    | Killed an ancient lich
 85593 | Zot:5    | Received a gift from Okawaru
 85613 | Zot:5    | Noticed an orb of fire
 85617 | Zot:5    | HP: 9/255 [orb of fire/bolt of fire (59)]
 85617 | Zot:5    | Killed from afar by an orb of fire

Action                   |  1- 3 |  4- 6 |  7- 9 | 10-12 | 13-15 | 16-18 | 19-21 | 22-24 | 25-27 || total
-------------------------+-------+-------+-------+-------+-------+-------+-------+-------+-------++-------
Melee: Short sword       |    23 |       |       |       |       |       |       |       |       ||    23
       Club              |    51 |       |       |       |       |       |       |       |       ||    51
       Mace              |       |   187 |   163 |       |       |       |       |       |       ||   350
       Flail             |       |       |   138 |   679 |   268 |       |       |       |       ||  1085
       Battleaxe         |       |       |       |    15 |   427 |   267 |    10 |   107 |    16 ||   842
       Great mace        |       |       |       |       |    53 |       |       |   885 |    33 ||   971
 Fire: Hand crossbow     |     3 |     7 |    79 |   134 |       |       |       |       |       ||   223
       Arbalest          |       |       |       |    74 |   393 |   281 |   124 |       |       ||   872
       Triple crossbow   |       |       |       |     8 |   213 |   311 |  1208 |   742 |  1342 ||  3824
Invok: Heroism           |       |       |     1 |    16 |     6 |       |     2 |     7 |       ||    32
       Finesse           |       |       |       |       |       |       |     1 |     2 |       ||     3
Evoke: Wand              |       |       |       |     4 |       |     1 |     2 |       |     7 ||    14
  Use: Potion            |       |       |     3 |     5 |     1 |     5 |     4 |     7 |     5 ||    30
       Scroll            |       |       |     7 |    14 |    12 |    19 |     5 |     9 |    23 ||    89
  Eat: Chunk             |     3 |     3 |    11 |    43 |    44 |    26 |    49 |    33 |    52 ||   264
       Bread ration      |       |     1 |       |       |       |       |       |       |       ||     1
       Beef jerky        |       |       |     1 |       |       |       |       |     1 |     1 ||     3
       Fruit             |       |       |       |     1 |     4 |     6 |     7 |    15 |    11 ||    44
       Pizza             |       |       |       |     1 |     1 |     1 |     1 |     2 |     4 ||    10
       Meat ration       |       |       |       |       |       |       |       |     1 |       ||     1
